 Dungeon Crawl Stone Soup version 0.22-a0-565-gfc6459a524 (webtiles) character file.

321 Jannitor the Charmwright (level 6, -9/32 HPs)
             Began as a Spriggan Skald on June 28, 2018.
             Mangled by a two-headed ogre
             ... wielding a +0 giant spiked club
              (18 damage)
             ... on level 4 of the Dungeon.
             The game lasted 00:18:55 (5952 turns).

Jannitor the Charmwright (Spriggan Skald)           Turns: 5952, Time: 00:18:56

Health: -9/32      AC:  3    Str:  9    XL:     6   Next: 22%
Magic:  9/11       EV: 20    Int: 14    God:
Gold:   204        SH:  0    Dex: 16    Spells: 2/10 levels left

rFire    . . .     SeeInvis +   o - +1 dagger (pain)
rCold    . . .     Gourm    .   (shield restricted)
rNeg     . . .     Faith    .   b - +1 robe
rPois    .         Spirit   .   (helmet restricted)
rElec    .         Reflect  .   (no cloak)
rCorr    .         Harm     .   (gloves unavailable)
MR       +....                  (boots unavailable)
Stlth    +++.......             (no amulet)
HPRegen  0.10/turn              h - ring of flight
MPRegen  0.12/turn              (no ring)

@: very quick
A: very small, unfitting armour, see invisible, herbivore, speed 3, slow
metabolism 2
a: Evoke Flight


You were on level 4 of the Dungeon.
You were near starving.

You visited 1 branch of the dungeon, and saw 5 of its levels.

You collected 204 gold pieces.

Inventory:

Hand Weapons
 a - a +0 short sword
 o - a +1 dagger of pain (weapon)
Armour
 b - a +1 robe (worn)
Jewellery
 h - a ring of flight (left hand)
 s - an uncursed amulet of faith {unknown}
Scrolls
 c - 3 scrolls of amnesia
 e - a scroll of blinking
 f - 3 scrolls of identify
 n - a scroll of remove curse
Potions
 g - a potion of haste {unknown}
 j - a potion of heal wounds {unknown}
 m - 2 potions of magic {unknown}
 p - a potion of curing {unknown}
 r - 2 potions of flight {unknown}
Comestibles
 d - 5 rations


   Skills:
 + Level 2.4 Fighting
 + Level 3.7 Short Blades
 - Level 5.2 Dodging
 + Level 4.3 Stealth
 - Level 2.6 Spellcasting
 - Level 5.5 Charms
 * Level 1.6 Necromancy


You had 2 spell levels left.
You knew the following spells:

 Your Spells              Type           Power        Failure   Level  Hunger
a - Infusion              Chrm           ###.         2%          1    #......
b - Song of Slaying       Chrm           ###.....     3%          2    ###....
c - Shroud of Golubria    Chrm/Tloc      #.........   11%         2    ###....
d - Regeneration          Chrm/Necr      ##........   16%         3    ###....

Your spell library contained the following spells:

 Spells                   Type           Power        Failure   Level  Hunger
 Magic Dart               Conj           #...         22%         1    #......
 Conjure Flame            Conj/Fire      #.......     54%         3    ###....
 Slow                     Hex            #.......     32%         2    ###....
 Mephitic Cloud           Conj/Pois/Air  #.......     54%         3    ###....
 Blink                    Tloc           N/A          32%         2    ###....
 Call Imp                 Summ           #.......     32%         2    ###....
 Spectral Weapon          Hex/Chrm       #.......     22%         3    ###....


Dungeon Overview and Level Annotations

Branches:
Dungeon (5/15)
 Temple: D:4-7

Altars:
Dithmenos
Nemelex Xobeh


Innate Abilities, Weirdness & Mutations

You are very small and have problems with some larger weapons.
You are too small for most types of armour.
You have supernaturally acute eyesight. (SInv)
You are a herbivore.
You cover ground extremely quickly.
You need to consume almost no food.


Message History

You close the door.
An ogre comes into view. It is wielding a giant club.
An orc opens the door.
There is an open door here.
There is a stone staircase leading up here.
Your shroud unravels.
The ogre closely misses you.
You climb upwards.
There is a stone staircase leading down here.
Unknown command.
The two-headed ogre shouts in stereo!
You hit the two-headed ogre.
The two-headed ogre writhes in agony.
The two-headed ogre is lightly wounded.
You hear a shout!
The two-headed ogre hits you with a giant spiked club!!
Ouch! That really hurt!
* * * LOW HITPOINT WARNING * * *
The two-headed ogre hits you with a giant club!!
Ouch! That really hurt!
You die...

####...#####.....####..O.<......#
####.#...##..#.### ####.........
............##.# #........#
.#.#####...##.<# ########..##...
##.# #....##.#####O.O...>.##.รท..
#.# #.##.#..##....######.##.###
*#.# #.#........#### ###.##.##.
*..#**#.#..#...#### #......##.
,.##*,....###...@.# *#.##.##...
,#**#.##..**#..##O# ##..#..#..##
,,,**,*##..#..##*.# #..#..##.##
**,,,,,*#.....#*,.####........*
**,,,,,....o$.,,......###.##** #
*,,**..%....o,*#..........## ##
**,***#..._...#*##...#...#..# #.
*,,,**.........##...##.####.####
*,,,,,,,,..........###.# #..# #


You could see a two-headed ogre.

Vanquished Creatures
  2 orc wizards
  A hound (D:5)
  2 worker ants (D:4)
  A howler monkey skeleton (D:4)
  8 adders
  A worm (D:2)
  3 dart slugs
  A leopard gecko (D:3)
  7 orcs
  8 bats
  8 giant cockroaches
  9 goblins
  9 hobgoblins
  8 jackals
  5 kobolds
  3 quokkas
  A ball python (D:4)
  5 frilled lizards
  8 rats
90 creatures vanquished.

Notes
Turn   | Place    | Note
-------+----------+-------------------------------------------
     0 | D:1      | Jannitor the Spriggan Skald began the quest for the Orb.
     0 | D:1      | Reached XP level 1. HP: 10/10 MP: 5/5
   263 | D:1      | Reached skill level 1 in Stealth
   305 | D:1      | Reached XP level 2. HP: 13/15 MP: 6/6
   322 | D:1      | Learned a level 2 spell: Song of Slaying
   325 | D:1      | Learned a level 2 spell: Shroud of Golubria
   834 | D:1      | Reached XP level 3. HP: 18/18 MP: 0/8
  1577 | D:2      | Reached skill level 5 in Charms
  1617 | D:2      | Found a sparkling altar of Nemelex Xobeh.
  1750 | D:2      | Reached XP level 4. HP: 18/23 MP: 1/9
  3036 | D:2      | Learned a level 3 spell: Regeneration
  3285 | D:3      | Reached XP level 5. HP: 15/27 MP: 2/10
  4467 | D:4      | Noticed a phantom
  4484 | D:4      | Reached skill level 5 in Dodging
  4849 | D:4      | Found a shadowy altar of Dithmenos.
  4857 | D:4      | Noticed an ogre
  4860 | D:4      | Noticed an ogre
  5155 | D:4      | Reached skill level 1 in Necromancy
  5661 | D:4      | Reached XP level 6. HP: 16/31 MP: 4/11
  5732 | D:4      | Noticed a two-headed ogre
  5777 | D:5      | Entered Level 5 of the Dungeon
  5952 | D:4      | Mangled by a two-headed ogre

Vault maps used:
D:1:      dpeg_cavernosity, st_stairs_13
D:2:      cheibrodos_old_hovel, nicolae_overflow_crystal_walls
D:3:      first_ration
D:4:      nicolae_dithmenos_shadow_blocks
D:5:      dancing_weapons_uskayaw, gup_sewer_entry_pipe

Skill      XL: |  1  2  3  4  5 |
---------------+----------------+-----
Stealth        | 1 2 3 4 |  4.3
Dodging        | 4 5 |  5.2
Fighting       | 2 |  2.4
Charms         | 5 |  5.5
Short Blades   | 3 |  3.7
Necromancy     | 1 |  1.6
Spellcasting   | |  2.6

Action                   |  1- 3 |  4- 6 || total
-------------------------+-------+-------++-------
Melee: Short sword       |   128 |    98 ||   226
       Dagger            |       |   253 ||   253
 Cast: Infusion          |     9 |    13 ||    22
       Shroud of Golubri |     3 |    17 ||    20
       Song of Slaying   |     1 |     3 ||     4
  Use: Scroll            |       |     7 ||     7
 Stab: Sleeping          |     2 |     6 ||     8
  Eat: Ration            |       |     2 ||     2
Armor: Robe              |    10 |    24 ||    34
Dodge: Dodged            |    96 |   286 ||   382

Table legend:
 A = Spawn XP
 B = Non-spawn XP
 C = Spawn XP percentage of total XP
 D = Spawn monster count
 E = Non-spawn monster count
 F = Spawn count percentage of total count
 G = Total turns spent on level
                    A         B        C        D         E        F      G
               +---------+---------+-------+---------+---------+-------+---------
         Total |       0 |     459 |   0.0 |       0 |      90 |   0.0 |  5952
               +---------+---------+-------+---------+---------+-------+---------
           D:1 |       0 |      49 |   0.0 |       0 |      29 |   0.0 |  1304
           D:2 |       0 |     114 |   0.0 |       0 |      28 |   0.0 |  2250
           D:3 |       0 |     103 |   0.0 |       0 |      23 |   0.0 |  1596
           D:4 |       0 |     137 |   0.0 |       0 |       7 |   0.0 |   641
           D:5 |       0 |      56 |   0.0 |       0 |       3 |   0.0 |   161
               +---------+---------+-------+---------+---------+-------+---------
